 Dungeon Crawl Stone Soup version 0.31-a0-774-g0d66cba (webtiles) character file.

Game seed: 7161496344545799204

692 BarneyGumball the Sneak (level 7, 0/37 (41) HPs)
             Began as an Octopode Earth Elementalist on Sept 17, 2023.
             Was an Initiate of Vehumet.
             Slain by a wight
             ... wielding a +1 scimitar
              (2 damage)
             ... in an ossuary.
             The game lasted 00:17:11 (5213 turns).

BarneyGumball the Sneak (OpEE)                      Turns: 5213, Time: 00:17:11

HP:   0/37 (41)     AC:  1    Str:  7    XL:     7   Next: 63%
MP:   1/11          EV: 13    Int: 20    God:    Vehumet [......]
Gold: 166           SH:  0    Dex: 12    Spells: 6/12 levels left

rFire   . . .        r - +0 spear (venom)
rCold   . . .        (no shield)
rNeg    + . .        (helmet restricted)
rPois   .            (no amulet)
rElec   .            c - ring of positive energy
rCorr   .            q - ring of wizardry
SInv    .            (no ring)
Will    .....        (no ring)
Stlth   ++++         (no ring)
HPRegen 0.26/turn    (no ring)
MPRegen 0.12/turn    (no ring)
                     (no ring)

%: wizardry (x1)
@: drained
A: almost no armour, amphibious, 8 rings, camouflage 1, gelatinous body 1,
(nimble swimmer 1), tentacles
a: Renounce Religion


You were in an ossuary.
You worshipped Vehumet.
Vehumet was noncommittal.
You visited 1 branch of the dungeon, and saw 5 of its levels.
You also visited: Ossuary.

You collected 276 gold pieces.
You spent 110 gold pieces at shops.

Inventory:

Hand Weapons
 r - a +0 spear of venom (weapon)
Missiles
 n - 2 poisoned darts (quivered)
Jewellery
 c - a ring of positive energy (left tentacle)
 q - a ring of wizardry (right tentacle)
Scrolls
 b - a scroll of identify {unknown}
 d - a scroll of fog {unknown}
 e - a scroll of immolation {unknown}
 g - a scroll of brand weapon {unknown}
 h - a scroll of revelation {unknown}
 k - 2 scrolls of teleportation {unknown}
 l - a scroll of blinking {unknown}
Potions
 a - a potion of magic
 f - a potion of might {unknown}
 i - a potion of mutation {unknown}
 j - 3 potions of curing {unknown}
 m - a potion of heal wounds {unknown}
 p - a potion of brilliance {unknown}


   Skills:
 - Level 2.0 Dodging
 - Level 6.0 Stealth
 + Level 3.2 Spellcasting
 - Level 4.0 Conjurations
 + Level 2.7 Translocations
 - Level 1.0 Transmutations
 - Level 5.0 Earth Magic


You had 6 spell levels left.
You knew the following spells:

 Your Spells              Type           Power      Damage    Failure   Level
a - Stone Arrow           Conj/Erth      42%        3d9       2%          3
b - Sandblast             Erth           46%        2d11      1%          1
c - Passwall              Tmut/Erth      12%        N/A       2%          2

Your spell library contained the following spells:

 Spells                   Type           Power      Damage    Failure   Level
 Gell's Gravitas          Tloc           14%        N/A       6%          3
 Teleport Other           Tloc           14%        N/A       6%          3
 Sublimation of Blood     Necr           3%         N/A       9%          2
 Brom's Barrelling Bould  Conj/Erth      21%        2d4       9%          4
 Petrify                  Tmut/Erth      15%        N/A       16%         4
 Passage of Golubria      Tloc           14%        N/A       17%         4
 Irradiate                Conj/Tmut      6%         3d13      45%         5
 Silence                  Hex/Air        1%         N/A       80%         5
 Dispersal                Tloc           7%         N/A       93%         6
 Lehudib's Crystal Spear  Conj/Erth      10%        10d4      100%        8


Dungeon Overview and Level Annotations

Branches:
Dungeon (5/15)            Ossuary (1/1)
 Temple: D:4-7

Altars:
Elyvilon
Nemelex Xobeh
Trog
Vehumet
Zin

Shops:
D:4 **

Annotations:
D:2 1 runed translucent door, exclusion: door, Crazy Yiuf, Jessica


Innate Abilities, Weirdness & Mutations

You cannot wear most types of armour.
You are amphibious.
You can wear up to eight rings at the same time.
Your skin changes colour to match your surroundings (Stealth+).
Your rubbery body absorbs attacks. (AC +1, EV +1)
((You are camouflaged when in or above water. (Stealth+)))
You have tentacles for arms and can constrict up to eight enemies at once.


Message History

The wight is almost destroyed.
The wight barely misses you.
Casting: Sandblast (safe; 1% risk of failure)
Confirm with . or Enter, or press ? or * to list all spells.
Aiming: Sandblast (safe; 1% risk of failure)
Press: ? - help, Shift-Dir - straight line, f/p - wight
Aim: a wight, wielding a +1 scimitar and wearing a +0 robe (almost destroyed, 83% to hit)
The blast of sand misses the wight.
The wight hits you with a +1 scimitar. You partially resist.
You feel drained.
Casting: Sandblast (safe; 1% risk of failure)
Confirm with . or Enter, or press ? or * to list all spells.
Aiming: Stone Arrow (dangerous; 2% risk of failure)
Press: ? - help, Shift-Dir - straight line, f/p - wight
Aim: a wight, wielding a +1 scimitar and wearing a +0 robe (almost destroyed, 71% to hit)
The stone arrow misses the wight.
The wight barely misses you.
Casting: Stone Arrow (dangerous; 2% risk of failure)
Confirm with . or Enter, or press ? or * to list all spells.
Aiming: Stone Arrow (dangerous; 2% risk of failure)
Press: ? - help, Shift-Dir - straight line, f/p - wight
Aim: a wight, wielding a +1 scimitar and wearing a +0 robe (almost destroyed, 71% to hit)
The stone arrow misses the wight.
The wight barely misses you.
Casting: Stone Arrow (dangerous; 2% risk of failure)
Confirm with . or Enter, or press ? or * to list all spells.
Aiming: Sandblast (safe; 1% risk of failure)
Press: ? - help, Shift-Dir - straight line, f/p - wight
Aim: a wight, wielding a +1 scimitar and wearing a +0 robe (almost destroyed, 83% to hit)
The blast of sand misses the wight.
The wight hits you with a +1 scimitar! You partially resist.
You feel drained. The wight hits you with a +1 scimitar.
* * * LOW HITPOINT WARNING * * *
Casting: Sandblast (safe; 1% risk of failure)
Confirm with . or Enter, or press ? or * to list all spells.
Aiming: Sandblast (safe; 1% risk of failure)
Press: ? - help, Shift-Dir - straight line, f/p - wight
Aim: a wight, wielding a +1 scimitar and wearing a +0 robe (almost destroyed, 83% to hit)
The blast of sand hits the wight but does no damage.
The wight is almost destroyed.
The wight hits you with a +1 scimitar!
* * * LOW HITPOINT WARNING * * *
You partially resist.
You feel drained.
You die...

##### ##...##
##.....##
#.##....###########
#.#......##.#.#.#.#
#.##......#'#'#'#'#+##
..#.......'.....@....+
..........#'#'#'#z#+##
#........##.#.#.#.#
##......###########
###...## ##...# #..###
#.## ##.##


You could see a wight.

Vanquished Creatures
  Duvessa (D:5)
  2 scorpions
  Dowan (D:5)
  A gnoll bouda (D:5)
  2 jellies
  An iguana (D:4)
  Natasha (twice) (D:3)
  4 orc wizards
  4 gnolls (D:5)
  3 adders
  An ufetubus (D:5)
  An adder zombie (Ossuary)
  2 dart slugs
  8 orcs
  9 endoplasms
  A giant cockroach (D:3)
  10 goblins
  4 hobgoblins
  3 quokkas
  3 ball pythons
  7 bats
  3 frilled lizards (D:2)
  2 hobgoblin skeletons (Ossuary)
  9 kobolds
  A kobold zombie (Ossuary)
  An orc skeleton (Ossuary)
  An orc zombie (Ossuary)
  14 rats
101 creatures vanquished.

Notes
Turn   | Place    | Note
-------+----------+-------------------------------------------
     0 | D:1      | BarneyGumball the Octopode Earth Elementalist began the
                  | quest for the Orb.
     0 | D:1      | Reached XP level 1. HP: 11/11 MP: 3/3
   200 | D:1      | Reached skill level 3 in Stealth
   599 | D:1      | Reached XP level 2. HP: 17/17 MP: 3/5
   736 | D:1      | Reached skill level 1 in Conjurations
  1172 | D:2      | Reached XP level 3. HP: 21/21 MP: 3/6
  1595 | D:2      | Reached skill level 4 in Stealth
  1761 | D:2      | Found a runed translucent door.
  1762 | D:2      | Noticed Crazy Yiuf
  1900 | D:2      | Noticed Jessica
  1906 | D:2      | Learned a level 3 spell: Stone Arrow
  2013 | D:3      | Reached XP level 4. HP: 27/27 MP: 4/7
  2152 | D:3      | Noticed Natasha
  2738 | D:3      | Killed Natasha
  2739 | D:3      | Reached XP level 5. HP: 22/31 MP: 5/8
  3147 | D:3      | Noticed Natasha
  3274 | D:3      | Reached skill level 5 in Stealth
  3327 | D:4      | Found a radiant altar of Vehumet.
  3328 | D:4      | Found a bloodstained altar of Trog.
  3332 | D:4      | Became a worshipper of Vehumet
  3433 | D:4      | Reached XP level 6. HP: 36/36 MP: 5/9
  3810 | D:3      | Killed Natasha
  3951 | D:4      | Found Tuwug's Gadget Gallery.
  3969 | D:4      | Found a sparkling altar of Nemelex Xobeh.
  4111 | D:4      | Found Ehianag's Assorted Antiques.
  4116 | D:4      | Bought an emerald ring for 110 gold pieces
  4120 | D:4      | Learned a level 2 spell: Passwall
  4467 | D:5      | Entered Level 5 of the Dungeon
  4467 | D:5      | Noticed Duvessa
  4467 | D:5      | Noticed Dowan
  4490 | D:5      | Found a white marble altar of Elyvilon.
  4512 | D:5      | Reached skill level 6 in Stealth
  4726 | D:5      | Killed Duvessa
  4727 | D:5      | Reached skill level 1 in Translocations
  4727 | D:5      | Reached skill level 5 in Earth Magic
  4727 | D:5      | Reached XP level 7. HP: 41/41 MP: 0/10
  4816 | D:5      | Found a glowing silver altar of Zin.
  4838 | D:5      | Killed Dowan
  5101 | D:5      | Found a sand-covered staircase.
  5109 | Ossuary  | Entered an ossuary
  5213 | Ossuary  | Slain by a wight

Illustrated notes

Levels and vault maps discovered:
D:1:      amcnicky_arrival_wind_blow, layout_basic, minmay_rat_gold_closets
D:2:      layout_loops_ring, uniq_crazy_yiuf_cottage, uniq_jessica
D:3:      layout_basic, minmay_strange_pillars, minmay_goblin_outpost,
          uniq_natasha
D:4:      layout_rooms, gammafunk_temple_overflow_statue,
          mainiacjoe_overflow_boulevard, serial_forest,
          infiniplex_forest_straight_3, infiniplex_forest_lined_room_3,
          infiniplex_forest_3_way, infiniplex_forest_straight_3,
          infiniplex_forest_clump_long, infiniplex_forest_pool,
          infiniplex_forest_straight_4, serial_shops,
          nicolae_shop_advertising_works [nicolae_subvault_shop_adworks],
          nicolae_shop_gadgets
D:5:      layout_cave_pools, elyvilon_altar_5, overflow_temple_1_default,
          mainiacjoe_overflow_catwalk_spiral, portal_sewer_entry_f,
          enter_ossuary_3, uniq_eustachio, uniq_duvessa
Ossuary:  ossuary_due_cavern

Skill      XL: |  1  2  3  4  5  6  7 |
---------------+----------------------+-----
Stealth        | 3 4 5 6 |  6.0
Conjurations   | 1 2 3 4 |  4.0
Earth Magic    | 4 5 |  5.0
Translocations | 1 2 |  2.7
Spellcasting   | 3 |  3.2
Dodging        | |  2.0
Transmutations | |  1.0

Action                     |  1- 3 |  4- 6 |  7- 9 || total
---------------------------+-------+-------+-------++-------
  Melee: Dagger            |     1 |       |       ||     1
  Throw: Dart              |       |     7 |     2 ||     9
   Cast: Sandblast         |    56 |    84 |    16 ||   156
         Stone Arrow       |       |     8 |     9 ||    17
 Armour: Skin              |     3 |    22 |     4 ||    29
  Dodge: Dodged            |     6 |    29 |     3 ||    38

Table legend: (Time is in decaauts)
 A = Elapsed time spent in this place.
 B = Non-inter-level travel time spent in this place.
 C = Inter-level travel time spent in this place.
 D = Time resting spent in this place.
 E = Time spent auto-exploring this place.
 F = Levels seen in this place.
 G = Mean time per level.
                   A        B        C        D        E       F      G
               +--------+--------+--------+--------+--------+-----+--------+
         Total |   5290 |   4993 |    297 |    562 |   3357 |   6 |  881.7 |
       Dungeon |   5182 |   4885 |    297 |    523 |   3357 |   5 | 1036.4 |
       Ossuary |    108 |    108 |      0 |     39 |      0 |   1 |  108.0 |
               +--------+--------+--------+--------+--------+-----+--------+

Top non-repeatable levels by time:
     D:3: 1628 daAuts
     D:1: 1148 daAuts
     D:4: 1072 daAuts
     D:2: 1056 daAuts
     D:5: 276 daAuts
 Ossuary: 108 daAuts
